 Dungeon Crawl Stone Soup version 0.28-a0-925-gd5e1996cdb (webtiles) character file.

Game seed: 12104509191742449413

7195 siradein the Eye of the Storm (level 10, -2/80 HPs)
             Began as a Demonspawn Fighter on Nov 26, 2021.
             Was a Priest of Qazlal.
             Slain by a two-headed ogre (19 damage)
             ... on level 10 of the Dungeon.
             The game lasted 00:20:59 (12441 turns).

siradein the Eye of the Storm (Demonspawn Fighter) Turns: 12441, Time: 00:20:59

Health: -2/80      AC: 14    Str: 20    XL:     10   Next: 87%
Magic:  16/16      EV:  6    Int:  9    God:    Qazlal [***...]
Gold:   572        SH: 14    Dex: 13    Spells: 9/9 levels left

rFire   + . .      SeeInvis .   o - +7 war axe (elec)
rCold   . . .      Faith    .   I - +0 kite shield {rPois}
rNeg    . . .      Spirit   .   y - +0 chain mail
rPois   +          Reflect  .   r - +0 helmet
rElec   .          Harm     .   (no cloak)
rCorr   .          Rampage  .   D - +0 pair of gloves
Will    +....                   A - +0 pair of boots
Stlth   ..........              t - amulet of the acrobat
HPRegen 0.23/turn               q - ring of protection from fire
MPRegen 0.15/turn               B - ring of willpower

@: no status effects
A: hooves 2, foul stench 2, weakness stinger 2, demonic touch 1
a: Renounce Religion, Upheaval, Elemental Force


You were on level 10 of the Dungeon.
You worshipped Qazlal.
Qazlal was most pleased with you.
You visited 2 branches of the dungeon, and saw 11 of its levels.

You collected 737 gold pieces.
You spent 165 gold pieces at shops.

Inventory:

Hand Weapons
 o - a +7 war axe of electrocution (weapon)
Missiles
 l - 2 boomerangs
 m - 51 poisoned darts (quivered)
 u - 5 atropa-tipped darts
Armour
 r - a +0 helmet (worn)
 y - a +0 chain mail (worn)
 A - a +0 pair of boots (worn)
 D - a +0 pair of gloves (worn)
 I - a +0 kite shield of poison resistance (worn)
Jewellery
 q - a ring of protection from fire (left hand)
 t - an amulet of the acrobat (around neck)
 B - a ring of willpower (right hand)
 G - a ring of wizardry
Wands
 x - a wand of acid (6)
Scrolls
 e - a scroll of acquirement {unknown}
 i - a scroll of holy word {unknown}
 j - a scroll of fear
 k - a scroll of blinking
 n - 2 scrolls of vulnerability
 p - a scroll of enchant armour
 s - a scroll of silence
 v - 7 scrolls of teleportation
 w - a scroll of fog {unknown}
 E - a scroll of amnesia {unknown}
 H - a scroll of immolation {unknown}
Potions
 a - 3 potions of heal wounds
 b - 2 potions of haste
 d - a potion of might
 f - 6 potions of curing
 g - a potion of flight {unknown}
 h - 3 potions of lignification {unknown}
 z - 2 potions of resistance {unknown}
 C - 12 potions of degeneration
 F - 2 potions of ambrosia {unknown}


   Skills:
 + Level 8.0 Fighting
 + Level 6.9 Axes
 + Level 3.8 Throwing
 + Level 7.2 Armour
 + Level 7.3 Shields
 + Level 8.9 Invocations


You had 9 spell levels left.
You didn't know any spells.
Your spell library contained the following spells:

 Spells                   Type           Power      Damage    Failure   Level
 Animate Skeleton         Necr           0%         N/A       100%        1
 Pain                     Necr           0%         1d4       100%        1
 Blink                    Tloc           0%         N/A       100%        2
 Ensorcelled Hibernation  Hex/Ice        0%         N/A       100%        2
 Passwall                 Tmut/Erth      0%         N/A       100%        2
 Lesser Beckoning         Tloc           0%         N/A       100%        3
 Spider Form              Tmut/Pois      0%         N/A       100%        3
 Swiftness                Air            0%         N/A       100%        3
 Vampiric Draining        Necr           0%         2d6       100%        3
 Manifold Assault         Tloc           0%         N/A       100%        5


Dungeon Overview and Level Annotations

Branches:
Dungeon (10/15)            Temple (1/1) D:4            Lair (0/6) D:8
    Orc (0/2) D:9

Altars:
Ashenzari
Cheibriados
Dithmenos
Elyvilon
Fedhas
Gozag
Hepliaklqana
Kikubaaqudgha
Makhleb
Nemelex Xobeh
Okawaru
Qazlal
Ru
Sif Muna
Trog
Uskayaw
Vehumet
Wu Jian
Xom
Yredelemnul
Zin
The Shining One

Shops:
D:5 ??   D:8 (   D:10 *

Portals:
Abyss: D:9

Annotations:
D:5 6 runed translucent doors, ders's ghost, amateur FeSu; sirJeffrey23's ghost, novice DsGl
D:9 2 transporters, ytrimaz's ghost, journeyman DsNe


Innate Abilities, Weirdness & Mutations

You have hoof-like feet.
You sometimes emit foul miasma when damaged in melee.
You have a tail ending in a sharp stinger.
Your touch may inflict minor irresistible damage on your foes.


Message History

There is an open door here.
There is a stone staircase leading down here.
You see here a +0 robe.
There is an open door here.
There is an open door here.
Found a club.
You see here a +0 club.
You hear two shouts!
A two-headed ogre comes into view.
It is wielding two +0 giant spiked clubs.
A two-headed ogre is nearby!
A two-headed ogre is nearby!
A two-headed ogre is nearby!
You see here a +0 club.
You barely miss the two-headed ogre.
You tail-slap the two-headed ogre, but do no damage.
You block the two-headed ogre's attack. x2
The two-headed ogre hits you with a +0 giant spiked club.
You block the two-headed ogre's attack.
You barely miss the two-headed ogre.
The two-headed ogre hits you with a +0 giant spiked club!!
You emit a cloud of foul miasma!
You block the two-headed ogre's attack.
You slash the two-headed ogre!
The two-headed ogre is moderately wounded.
The two-headed ogre is engulfed in dark miasma.
The two-headed ogre is poisoned.
You block the two-headed ogre's attack.
The two-headed ogre hits you with a +0 giant spiked club!!
You are too injured to fight recklessly!
You are too injured to fight recklessly!
Unknown command.
The two-headed ogre is engulfed in dark miasma.
The two-headed ogre looks even sicker.
You slash the two-headed ogre!
The two-headed ogre is heavily wounded.
The two-headed ogre barely misses you. x2
You slash the two-headed ogre! You tail-slap the two-headed ogre.
The two-headed ogre is severely wounded.
The two-headed ogre hits you with a +0 giant spiked club!
* * * LOW HITPOINT WARNING * * *
The two-headed ogre hits you with a +0 giant spiked club!!
You die...

#.......# #....[....#
#.....>.# #.........#
#.......# #.........#
#.......# ###########
######### #####
######## ....#
#...☼..# ....#######
#[○@...# ....#.....#
#..O...# ....#.....#
#......# ....#.....#
#......# ....#.....#
#......# ....#.....#
#......#
#####.....####......#
....'...............#
#####.....####......#


You could see a two-headed ogre (very poisoned).

Vanquished Creatures
  A boulder beetle (D:10)
  A two-headed ogre (D:10)
  Pikel (D:7)
  A gargoyle (D:10)
  An unseen horror (D:10)
  Prince Ribbit (D:7)
  A hornet (D:9)
  A wraith (D:7)
  2 steam dragons
  6 water moccasins
  A swamp drake (D:9)
  3 sky beasts
  4 orc warriors
  2 ice beasts
  A black bear (D:5)
  2 ogres (D:5)
  6 centaurs
  2 scorpions
  5 wights (D:8)
  An electric eel (D:9)
  7 howler monkeys
  5 centaur zombies
  A bullfrog zombie (D:5)
  4 hounds
  A centaur skeleton (D:5)
  A gnoll shaman (D:8)
  4 orc priests
  2 bullfrog skeletons
  A jelly (D:4)
  15 orc wizards
  A hound zombie (D:5)
  A howler monkey zombie (D:6)
  Robin (D:4)
  5 adders
  7 gnolls
  2 shadow imps
  An adder skeleton (D:4)
  2 worms
  2 dart slugs
  40 orcs
  8 ball pythons
  A bat (D:1)
  4 endoplasms
  4 giant cockroaches
  15 goblins
  13 hobgoblins
  4 jackals (D:5)
  11 kobolds
  6 quokkas
  7 frilled lizards
  6 rats
225 creatures vanquished.

Notes
Turn   | Place    | Note
-------+----------+-------------------------------------------
     0 | D:1      | siradein the Demonspawn Fighter began the quest for the
                  | Orb.
     0 | D:1      | Reached XP level 1. HP: 18/18 MP: 1/1
   347 | D:1      | Discovered your monstrous ancestry.
   347 | D:1      | Gained mutation: You have a small tail. [demonic ancestry]
   347 | D:1      | Reached XP level 2. HP: 20/24 MP: 2/2
   815 | D:1      | Gained mutation: You may rarely emit foul miasma when
                  | damaged in melee. [demonic ancestry]
   815 | D:1      | Reached XP level 3. HP: 21/29 MP: 3/3
  1230 | D:1      | Found a faded altar of an unknown god.
  1661 | D:2      | Gained mutation: You have a tail ending in a sharp stinger.
                  | [demonic ancestry]
  1661 | D:2      | Reached XP level 4. HP: 29/35 MP: 4/4
  2635 | D:3      | Gained mutation: You sometimes emit foul miasma when
                  | damaged in melee. [demonic ancestry]
  2635 | D:3      | Reached XP level 5. HP: 32/42 MP: 5/5
  3360 | D:4      | Found an ancient bone altar of Kikubaaqudgha.
  3363 | D:4      | Noticed Robin
  3390 | D:4      | Killed Robin
  3626 | D:4      | Found a staircase to the Ecumenical Temple.
  3640 | Temple   | Entered the Ecumenical Temple
  3684 | Temple   | Became a worshipper of Qazlal Stormbringer
  3756 | D:4      | Reached skill level 1 in Invocations
  3756 | D:4      | Gained mutation: You have large cloven feet. [demonic
                  | ancestry]
  3756 | D:4      | Reached XP level 6. HP: 48/48 MP: 6/6
  3856 | D:4      | Found a sacrificial altar of Ru.
  3857 | D:4      | Found a shimmering altar of Xom.
  4193 | D:5      | Entered Level 5 of the Dungeon
  4223 | D:5      | Noticed an ice beast
  4228 | D:5      | Killed an ice beast
  4392 | D:5      | Gained mutation: Your touch may inflict minor irresistible
                  | damage on your foes. [demonic ancestry]
  4392 | D:5      | Reached XP level 7. HP: 5/55 MP: 8/8
  4630 | D:5      | Reached * piety under Qazlal
  4746 | D:5      | Reached skill level 5 in Fighting
  4778 | D:5      | Found Uthimush's Magic Scroll Emporium.
  4784 | D:5      | Bought 3 scrolls of identify for 72 gold pieces
  4820 | D:5      | Reached XP level 8. HP: 43/62 MP: 9/11
  4925 | D:5      | Found a runed translucent gate.
  4925 | D:5      | Found a runed translucent gate.
  4925 | D:5      | Found a runed translucent gate.
  4925 | D:5      | Noticed sirJeffrey23's ghost (novice DsGl)
  4927 | D:5      | Found a basalt altar of Yredelemnul.
  5118 | D:5      | Found a runed translucent gate.
  5118 | D:5      | Found a runed translucent gate.
  5119 | D:5      | Found a runed translucent gate.
  5119 | D:5      | Noticed ders's ghost (amateur FeSu)
  5156 | D:5      | Found Vosemir's Magic Scroll Shop.
  5642 | D:6      | Reached skill level 5 in Armour
  5882 | D:6      | You fall into a shaft and drop 3 floors!
  5919 | D:9      | Reached skill level 5 in Shields
  5984 | D:9      | Found a transporter.
  6177 | D:8      | Found a bloodstained altar of Trog.
  6187 | D:8      | Reached skill level 5 in Invocations
  6505 | D:7      | Noticed Pikel
  6515 | D:7      | Killed Pikel
  6516 | D:7      | Reached skill level 5 in Axes
  6516 | D:7      | Reached XP level 9. HP: 31/69 MP: 13/13
  7687 | D:6      | Reached ** piety under Qazlal
  7875 | D:6      | Found an iron altar of Okawaru.
  8105 | D:7      | Noticed Prince Ribbit
  8120 | D:7      | Killed Prince Ribbit
  8121 | D:7      | Reached skill level 1 in Throwing
  8468 | D:7      | Found a snail-covered altar of Cheibriados.
  9153 | D:8      | Found a staircase to the Lair.
  9278 | D:8      | Gained mutation: You have hoof-like feet. [demonic
                  | ancestry]
  9278 | D:8      | Reached XP level 10. HP: 78/79 MP: 15/15
  9360 | D:8      | Found Maprig's Antique Weapon Emporium.
  9713 | D:9      | Found a transporter.
  9723 | D:9      | Noticed a thrashing horror
  9726 | D:9      | Noticed a toenail golem
  9727 | D:9      | Noticed ytrimaz's ghost (journeyman DsNe)
  9727 | D:9      | Noticed a toenail golem
  9728 | D:9      | Found a one-way gate to the infinite horrors of the Abyss.
  9779 | D:9      | Reached *** piety under Qazlal
 10044 | D:9      | Found a staircase to the Orcish Mines.
 10516 | D:9      | Paralysed by a hornet for 1 turns
 11095 | D:10     | Entered Level 10 of the Dungeon
 11518 | D:10     | Noticed a boulder beetle
 11540 | D:10     | Killed a boulder beetle
 11862 | D:10     | Noticed a two-headed ogre
 11880 | D:10     | Killed a two-headed ogre
 12053 | D:10     | Found an opulent altar of Gozag.
 12054 | D:10     | Found a sparkling altar of Nemelex Xobeh.
 12056 | D:10     | Found an ornate altar of the Wu Jian Council.
 12085 | D:10     | Noticed a gargoyle
 12093 | D:10     | Killed a gargoyle
 12275 | D:10     | Found Inoics's Serpentskin Sales.
 12285 | D:10     | Bought a +0 kite shield of poison resistance for 93 gold
                  | pieces
 12391 | D:10     | Noticed a two-headed ogre
 12441 | D:10     | Slain by a two-headed ogre

Illustrated notes

Levels and vault maps discovered:
D:1:      dpeg_arrival_three_same_balls, layout_basic,
          nicolae_ecumenical_lake_church
D:2:      layout_rooms, minmay_misc_feat_rugged
D:3:      layout_basic
D:4:      layout_cave_pools, mainiacjoe_overflow_cross_hatched,
          kennysheep_little_box, nicolae_overflow_squiral,
          minmay_temple_entry_trees, uniq_robin
D:5:      layout_cave_pools, nicolae_yredelemnul_ghost_church, serial_shops,
          shop, gammafunk_ghost_necromancy, nicolae_stop_n_shop_2
D:6:      layout_layer_cave, kennysheep_okawaru_gauntlet, serial_park_tiny_2
D:7:      layout_loops_ring, kennysheep_slug_shrine, st_stairs_7,
          uniq_prince_ribbit1, uniq_pikel
D:8:      layout_cave_pools, mainiacjoe_overflow_boulevard, dpeg_oklobed_lair,
          serial_shops, nicolae_lakefront_shop, chequers_decorated_corner
D:9:      layout_basic, erik_orc_1, gammafunk_ghost_abyssal_escape,
          kennysheep_potato
D:10:     layout_basic, mainiacjoe_overflow_alcove_3, tso_oasis_becter,
          guppyfry_shop_venom
Temple:   jpeg_temple_island

Skill      XL: |  1  2  3  4  5  6  7  8  9 10 |
---------------+-------------------------------+-----
Axes           | 2 3 4 5 6 |  6.9
Shields        | 3 4 5 6 7 |  7.3
Armour         | 3 4 5 6 7 |  7.2
Fighting       | 4 5 6 7 8 |  8.0
Invocations    | 1 2 4 6 7 8 |  8.9
Throwing       | 2 3 |  3.8

Action                   |  1- 3 |  4- 6 |  7- 9 | 10-12 || total
-------------------------+-------+-------+-------+-------++-------
Melee: War axe           |   105 |   114 |   228 |   103 ||   550
       Tailslap          |    10 |    10 |    32 |    15 ||    67
       Kick              |       |     7 |    40 |       ||    47
Throw: Dart              |       |     3 |       |     5 ||     8
       Boomerang         |       |       |    11 |     4 ||    15
  Use: Scroll            |       |       |    10 |     1 ||    11
       Potion            |       |       |     3 |       ||     3
 Stab: Confused          |       |       |       |     1 ||     1
Armor: Scale mail        |    55 |    47 |    48 |       ||   150
       Chain mail        |       |       |    63 |    70 ||   133
Dodge: Dodged            |    55 |    61 |    92 |    59 ||   267
Block: Buckler           |    21 |    25 |    88 |    41 ||   175
       Kite shield       |       |       |       |     5 ||     5

Table legend: (Time is in decaauts)
 A = Elapsed time spent in this place.
 B = Non-inter-level travel time spent in this place.
 C = Inter-level travel time spent in this place.
 D = Time resting spent in this place.
 E = Time spent auto-exploring this place.
 F = Levels seen in this place.
 G = Mean time per level.
                   A        B        C        D        E       F      G
               +--------+--------+--------+--------+--------+-----+--------+
         Total |  12627 |  12326 |    301 |   1954 |   8266 |  11 | 1147.9 |
       Dungeon |  12557 |  12256 |    301 |   1954 |   8234 |  10 | 1255.7 |
        Temple |     69 |     69 |      0 |      0 |     32 |   1 |   69.0 |
               +--------+--------+--------+--------+--------+-----+--------+

Top non-repeatable levels by time:
     D:9: 2040 daAuts
     D:7: 1622 daAuts
     D:5: 1551 daAuts
     D:1: 1329 daAuts
     D:6: 1181 daAuts
     D:2: 1057 daAuts
    D:10: 1028 daAuts
     D:3: 1013 daAuts
     D:4: 914 daAuts
     D:8: 819 daAuts
  Temple: 69 daAuts
